 Dungeon Crawl Stone Soup version 0.30-a0-1157-g2cc9ac7196 (webtiles) character file.

Game seed: 1074291654294750171

219 retardedninja the Firebug (level 5, 0/38 HPs)
             Began as a Gnoll Fire Elementalist on Apr 24, 2023.
             Slain by a gnoll
             ... wielding a +0 halberd
              (12 damage)
             ... on level 4 of the Dungeon.
             The game lasted 00:05:00 (3062 turns).

retardedninja the Firebug (Gnoll Fire Elementalist) Turns: 3062, Time: 00:05:00

Health: 0/38       AC:  2    Str:  7    XL:     5   Next: 96%
Magic:  10/12      EV: 13    Int: 16    God:
Gold:   163        SH:  0    Dex: 13    Spells: 11/14 levels left

rFire   . . .        m - +0 mace
rCold   . . .        (no shield)
rNeg    . . .        a - +0 robe
rPois   .            (no helmet)
rElec   .            (no cloak)
rCorr   .            (no gloves)
SInv    .            (no boots)
Will    .....        (no amulet)
Stlth   +++          (no ring)
HPRegen 0.26/turn    (no ring)
MPRegen 0.13/turn

%: no passive effects
@: no status effects
A: fangs 1, strong nose, distributed training
a: no special abilities


You were on level 4 of the Dungeon.
You visited 1 branch of the dungeon, and saw 4 of its levels.

You collected 163 gold pieces.

Inventory:

Hand Weapons
 m - a +0 mace (weapon)
Armour
 a - a +0 robe (worn)
Jewellery
 d - an amulet of reflection
Scrolls
 c - 4 scrolls of identify {unknown}
 e - a scroll of immolation {unknown}
 f - a scroll of torment {unknown}
 g - a scroll of vulnerability {unknown}
 h - a scroll of silence {unknown}
 i - 2 scrolls of teleportation {unknown}
 l - 2 scrolls of magic mapping {unknown}
 o - a scroll of noise {unknown}
Potions
 j - a potion of heal wounds {unknown}
 k - 2 potions of haste {unknown}
 n - a potion of mutation {unknown}
 p - a potion of resistance {unknown}
 q - a potion of brilliance {unknown}
 r - a potion of might {unknown}


   Skills:
 + Level 1.8 Fighting
 + Level 1.8 Short Blades
 + Level 1.8 Long Blades
 + Level 1.8 Axes
 + Level 1.8 Maces & Flails
 + Level 1.8 Polearms
 + Level 1.8 Staves
 + Level 1.8 Ranged Weapons
 + Level 1.8 Throwing
 + Level 1.8 Armour
 + Level 4.9 Dodging
 + Level 4.5 Stealth
 + Level 1.8 Shields
 + Level 1.8 Unarmed Combat
 + Level 5.3 Spellcasting
 + Level 2.5 Conjurations
 + Level 1.4 Hexes
 + Level 1.4 Summonings
 + Level 1.4 Necromancy
 + Level 1.4 Translocations
 + Level 1.4 Transmutations
 + Level 5.6 Fire Magic
 + Level 1.4 Ice Magic
 + Level 1.4 Air Magic
 + Level 1.4 Earth Magic
 + Level 1.4 Poison Magic
 + Level 2.0 Invocations
 + Level 1.8 Evocations


You had 11 spell levels left.
You knew the following spells:

 Your Spells              Type           Power      Damage    Failure   Level
a - Foxfire               Conj/Fire      68%        2x1d7     2%          1
b - Scorch                Fire           44%        2d6       2%          2

Your spell library contained the following spells:

 Spells                   Type           Power      Damage    Failure   Level
 Inner Flame              Hex/Fire       15%        N/A       11%         3
 Volatile Blastmotes      Fire/Tloc      30%        2d12      11%         3
 Flame Wave               Conj/Fire      17%        2d7       26%         4


Dungeon Overview and Level Annotations

Branches:
Dungeon (4/15)
 Temple: D:4-7

Altars:

Annotations:
D:3 2 runed translucent doors, greynaab's ghost, weakling GrHW


Innate Abilities, Weirdness & Mutations

You have very sharp teeth.
Your uncanny sense of smell can sniff out nearby items.
Your experience applies equally to all skills.


Message History

Magic restored.
Key pressed, stopping explore.
HP restored.
A kobold comes into view. It is wielding a +0 dagger.
A kobold is nearby!
A kobold is nearby!
A kobold is nearby!
A kobold is nearby!
You conjure some foxfire!
The kobold shouts!
You hear an angry hiss.
The foxfire hits the kobold.
You kill the kobold!
You conjure some foxfire!
Your foxfire dissipates!
Your foxfire dissipates! x2
A gnoll and a goblin come into view.
Things that are here:
a +0 dagger; 9 gold pieces
There are monsters nearby!
There are monsters nearby!
There are monsters nearby!
You conjure some foxfire!
The goblin shouts!
You hear an angry hiss.
An adder comes into view.
The foxfire hits the gnoll but does no damage.
You conjure some foxfire!
The gnoll hits you from afar with a +0 halberd!
The foxfire hits the gnoll.
The gnoll is moderately wounded.
Your foxfire dissipates!
The gnoll hits you from afar with a +0 halberd.
An endoplasm comes into view.
The gnoll barely misses you.
You are too injured to fight recklessly!
You are too injured to fight recklessly!
The gnoll hits you from afar with a +0 halberd!
* * * LOW HITPOINT WARNING * * *
You are too injured to fight recklessly!
The gnoll hits you from afar with a +0 halberd!
You die...

..........))..##....
..........)#..# ....
...........#..# ...
#######.####..# ##
#.# ...# #§# ... #v#
.... #§# .... #@# ∆
#..gS...# ####..#.#
.J.# ... .# #


You could see a gnoll, an adder and an endoplasm.

Vanquished Creatures
  A gnoll bouda (D:4)
  Natasha (twice) (D:2)
  3 gnolls (D:4)
  3 adders
  A shadow imp (D:3)
  A worm (D:3)
  A dart slug (D:3)
  8 orcs (D:3)
  3 bats
  4 endoplasms
  4 giant cockroaches
  3 goblins
  4 hobgoblins
  12 kobolds
  2 quokkas (D:1)
  7 ball pythons
  A frilled lizard (D:1)
  9 rats
69 creatures vanquished.

Vanquished Creatures (others)
  314 foxfires
314 creatures vanquished.

Grand Total: 383 creatures vanquished

Notes
Turn   | Place    | Note
-------+----------+-------------------------------------------
     0 | D:1      | retardedninja the Gnoll Fire Elementalist began the quest
                  | for the Orb.
     0 | D:1      | Reached XP level 1. HP: 13/13 MP: 6/6
     4 | D:1      | Noticed an eight-headed hydra
   109 | D:1      | Found a faded altar of an unknown god.
   127 | D:1      | Reached XP level 2. HP: 19/19 MP: 2/7
   865 | D:1      | Reached skill level 5 in Spellcasting
   865 | D:1      | Reached XP level 3. HP: 25/25 MP: 6/9
  1533 | D:2      | Reached skill level 1 in Invocations
  1628 | D:2      | Noticed Natasha
  1636 | D:2      | Killed Natasha
  1637 | D:2      | Reached skill level 1 in Fighting
  1637 | D:2      | Reached skill level 1 in Short Blades
  1637 | D:2      | Reached skill level 1 in Long Blades
  1637 | D:2      | Reached skill level 1 in Axes
  1637 | D:2      | Reached skill level 1 in Maces & Flails
  1637 | D:2      | Reached skill level 1 in Polearms
  1637 | D:2      | Reached skill level 1 in Staves
  1637 | D:2      | Reached skill level 1 in Ranged Weapons
  1637 | D:2      | Reached skill level 1 in Throwing
  1637 | D:2      | Reached skill level 1 in Armour
  1637 | D:2      | Reached skill level 1 in Shields
  1637 | D:2      | Reached skill level 1 in Unarmed Combat
  1637 | D:2      | Reached skill level 1 in Evocations
  1637 | D:2      | Reached XP level 4. HP: 10/32 MP: 6/11
  1640 | D:2      | Learned a level 2 spell: Scorch
  1796 | D:2      | Noticed Natasha
  1968 | D:2      | Killed Natasha
  1969 | D:2      | Reached skill level 1 in Hexes
  1969 | D:2      | Reached skill level 1 in Summonings
  1969 | D:2      | Reached skill level 1 in Necromancy
  1969 | D:2      | Reached skill level 1 in Translocations
  1969 | D:2      | Reached skill level 1 in Transmutations
  1969 | D:2      | Reached skill level 1 in Ice Magic
  1969 | D:2      | Reached skill level 1 in Air Magic
  1969 | D:2      | Reached skill level 1 in Earth Magic
  1969 | D:2      | Reached skill level 1 in Poison Magic
  2211 | D:3      | Reached XP level 5. HP: 37/37 MP: 3/12
  2606 | D:3      | Found a large runed translucent door.
  2607 | D:3      | Found a large runed translucent door.
  2609 | D:3      | Noticed greynaab's ghost (weakling GrHW)
  3062 | D:4      | Slain by a gnoll

Illustrated notes

Levels and vault maps discovered:
D:1:      sevenhm_arrival_forest_fort_small_2, layout_rooms,
          hellmonk_ecumenical_altar_run_dry, nicolae_figureground_pulse
D:2:      layout_rooms, uniq_natasha
D:3:      layout_rooms, ebering_ghost_disaster_area, nicolae_underground_beach
D:4:      layout_basic, minmay_temple_entry_metal_lava, minmay_box_of_dots,
          uniq_edmund

Skill      XL: |  1  2  3  4  5 |
---------------+----------------+-----
Conjurations   | 2 |  2.5
Spellcasting   | 5 |  5.3
Invocations    | 1 2 |  2.0
Fighting       | 1 |  1.8
Short Blades   | 1 |  1.8
Long Blades    | 1 |  1.8
Axes           | 1 |  1.8
Maces & Flails | 1 |  1.8
Polearms       | 1 |  1.8
Staves         | 1 |  1.8
Ranged Weapons | 1 |  1.8
Throwing       | 1 |  1.8
Armour         | 1 |  1.8
Shields        | 1 |  1.8
Unarmed Combat | 1 |  1.8
Evocations     | 1 |  1.8
Hexes          | 1 |  1.4
Summonings     | 1 |  1.4
Necromancy     | 1 |  1.4
Translocations | 1 |  1.4
Transmutations | 1 |  1.4
Ice Magic      | 1 |  1.4
Air Magic      | 1 |  1.4
Earth Magic    | 1 |  1.4
Poison Magic   | 1 |  1.4
Dodging        | |  4.9
Stealth        | |  4.5
Fire Magic     | |  5.6

Action                     |  1- 3 |  4- 6 || total
---------------------------+-------+-------++-------
  Melee: Unarmed           |     8 |       ||     8
         Bite              |     2 |       ||     2
         Mace              |       |     3 ||     3
   Cast: Foxfire           |    97 |    78 ||   175
         Scorch            |       |     8 ||     8
    Use: Potion            |       |     1 ||     1
 Armour: Robe              |     3 |     4 ||     7
  Dodge: Dodged            |    20 |    24 ||    44

Table legend: (Time is in decaauts)
 A = Elapsed time spent in this place.
 B = Non-inter-level travel time spent in this place.
 C = Inter-level travel time spent in this place.
 D = Time resting spent in this place.
 E = Time spent auto-exploring this place.
 F = Levels seen in this place.
 G = Mean time per level.
                   A        B        C        D        E       F      G
               +--------+--------+--------+--------+--------+-----+--------+
         Total |   3061 |   2962 |     99 |      0 |   2441 |   4 |  765.2 |
       Dungeon |   3061 |   2962 |     99 |      0 |   2441 |   4 |  765.2 |
               +--------+--------+--------+--------+--------+-----+--------+

Top non-repeatable levels by time:
     D:1: 1172 daAuts
     D:3: 890 daAuts
     D:2: 850 daAuts
     D:4: 148 daAuts
